 Dungeon Crawl Stone Soup version 0.28-a0-479-g5baa6b73be (webtiles) character file.

Game seed: 18236920193702851671

3978 sleeves the Spear-Bearer (level 9, -1/62 HPs)
             Began as a Demigod Necromancer on Sept 19, 2021.
             Slain by a yak (9 damage)
             ... on level 8 of the Dungeon.
             The game lasted 00:27:06 (12651 turns).

sleeves the Spear-Bearer (Demigod Necromancer)     Turns: 12651, Time: 00:27:06

Health: -1/62      AC: 11    Str: 19    XL:     9   Next: 72%
Magic:  1/14       EV: 11    Int: 25    God:
Gold:   389        SH:  5    Dex: 14    Spells: 1/11 levels left

rFire   . . .      SeeInvis .   I - +5 trident
rCold   . . .      Faith    .   A - +0 buckler
rNeg    . . .      Spirit   .   m - +0 ring mail
rPois   +          Reflect  .   c - +1 helmet
rElec   .          Harm     .   B - +0 cloak
rCorr   .          Rampage  .   (no gloves)
Will    .....                   h - +0 pair of boots
Stlth   +.........              k - amulet of the acrobat
HPRegen 0.20/turn               b - +6 ring of strength
MPRegen 0.14/turn               z - ring of poison resistance

@: no status effects
A: high mp 1, forlorn
a: no special abilities


You were on level 8 of the Dungeon.
You visited 1 branch of the dungeon, and saw 8 of its levels.

You collected 389 gold pieces.

Inventory:

Hand Weapons
 u - a +2 dagger of protection
   (You took it off a goblin on level 2 of the Dungeon)
 v - a +2 trident of pain
   (You took it off Robin on level 4 of the Dungeon)
 I - a +5 trident (weapon)
   (You took it off a wight on level 6 of the Dungeon)
Armour
 a - a +0 robe
 c - a +1 helmet (worn)
   (You took it off Robin on level 4 of the Dungeon)
 h - a +0 pair of boots (worn)
   (You found it on level 4 of the Dungeon)
 l - a +0 kite shield
   (You found it on level 2 of the Dungeon)
 m - a +0 ring mail (worn)
   (You took it off an orc on level 3 of the Dungeon)
 A - a +0 buckler (worn)
   (You found it on level 4 of the Dungeon)
 B - a +0 cloak (worn)
   (You took it off Crazy Yiuf on level 4 of the Dungeon)
Magical Staves
 g - a staff of poison
   (You found it on level 1 of the Dungeon)
Jewellery
 b - a +6 ring of strength (left hand)
   (You found it on level 1 of the Dungeon)
 f - a ring of resist corrosion
   (You found it on level 1 of the Dungeon)
 k - an amulet of the acrobat (around neck)
   (You found it on level 2 of the Dungeon)
 o - a ring of ice
   (You found it on level 2 of the Dungeon)
 z - a ring of poison resistance (right hand)
   (You found it on level 4 of the Dungeon)
 J - a ring of magical power
   (You found it on level 7 of the Dungeon)
Wands
 p - a wand of polymorph (20)
   (You took it off Natasha on level 3 of the Dungeon)
Scrolls
 d - 11 scrolls of identify {unknown}
 e - 4 scrolls of magic mapping {unknown}
 i - a scroll of brand weapon {unknown}
 r - 2 scrolls of enchant armour {unknown}
 w - a scroll of teleportation {unknown}
 y - a scroll of noise {unknown}
 C - 2 scrolls of immolation {unknown}
 D - a scroll of blinking {unknown}
 F - a scroll of fear {unknown}
 G - 2 scrolls of vulnerability {unknown}
Potions
 j - a potion of magic {unknown}
 n - a potion of curing
 q - a potion of degeneration {unknown}
 s - 2 potions of haste {unknown}
 t - a potion of brilliance {unknown}
 x - a potion of heal wounds {unknown}
 E - a potion of berserk rage {unknown}
 H - a potion of invisibility {unknown}
 K - a potion of might {unknown}


   Skills:
 - Level 0.5 Maces & Flails
 + Level 8.3 Polearms
 + Level 7.0 Armour
 - Level 1.7 Dodging
 - Level 1.7 Stealth
 - Level 4.0 Shields
 - Level 1.7 Spellcasting
 - Level 7.0 Necromancy


You had one spell level left.
You knew the following spells:

 Your Spells              Type           Power      Damage    Failure   Level
a - Pain                  Necr           100%       1d9       1%          1
b - Vampiric Draining     Necr           18%        2d8       3%          3
c - Animate Dead          Necr           18%        N/A       11%         4
d - Slow                  Hex            2%         N/A       28%         2

Your spell library contained the following spells:

 Spells                   Type           Power      Damage    Failure   Level
 Animate Skeleton         Necr           74%        N/A       1%          1
 Sublimation of Blood     Necr           18%        N/A       1%          2
 Passwall                 Tmut/Erth      1%         N/A       28%         2
 Wereblood                Tmut           2%         N/A       28%         2
 Agony                    Necr           37%        N/A       28%         5
 Confusing Touch          Hex            2%         N/A       50%         3
 Swiftness                Air            2%         N/A       50%         3
 Yara's Violent Unravell  Hex/Tmut       1%         3d3       99%         5
 Invisibility             Hex            1%         N/A       100%        6
 Summon Hydra             Summ           1%         N/A       100%        7


Dungeon Overview and Level Annotations

Branches:
Dungeon (8/15)             Temple (0/1) D:6
   Lair: D:8-11

Shops:
D:1 [

Annotations:
D:2 Grinder


Innate Abilities, Weirdness & Mutations

Your attributes grow dramatically as you level up.
You have an increased reservoir of magic. (+10% MP)
You shall have no god before yourself.


Message History

Press: ? - help, Shift-Dir - straight line, f - wight
Aim: a wight, wielding a +5 trident and wearing a +0 robe (chance to affect: 35%)
The wight easily resists.
Casting: Slow (safe; 17% risk of failure)
Confirm with . or Enter, or press ? or * to list all spells.
Aiming: Slow (safe; 17% risk of failure)
Press: ? - help, Shift-Dir - straight line, f/p - wight
Aim: a wight, wielding a +5 trident and wearing a +0 robe (chance to affect: 35%)
The wight seems to slow down.
The wight hits you from afar with a +5 trident.
You feel drained.
Reach: v) +2 trident (pain)
Press: ? - help, Dir - move target, f/p - wight
Aim: a wight, wielding a +5 trident and wearing a +0 robe (slow, about 37% to evade your +2 trident of pain)
You reach to attack!
You hit the wight but do no damage.
Reach: v) +2 trident (pain)
Press: ? - help, Dir - move target, f/p - wight
Aim: a wight, wielding a +5 trident and wearing a +0 robe (slow, about 37% to evade your +2 trident of pain)
You reach to attack!
You hit the wight.
The wight is moderately damaged.
The wight is no longer moving slowly.
The wight barely misses you.
Reach: v) +2 trident (pain)
Press: ? - help, Dir - move target, f/p - wight
Aim: a wight, wielding a +5 trident and wearing a +0 robe (moderately damaged, about 37% to evade your +2 trident of pain)
You reach to attack!
You barely miss the wight.
The wight is moderately damaged.
The wight hits you from afar with a +5 trident!
You feel drained.
Casting: Slow (safe; 17% risk of failure)
Confirm with . or Enter, or press ? or * to list all spells.
You don't know that spell.
Drop what? 34/52 slots (_ for help) (? for menu, Esc to quit)
Okay, then.
Casting: Slow (safe; 17% risk of failure)
Confirm with . or Enter, or press ? or * to list all spells.
Aiming: Slow (safe; 17% risk of failure)
Press: ? - help, Shift-Dir - straight line, f/p - wight
Aim: a wight, wielding a +5 trident and wearing a +0 robe (moderately damaged, chance to affect: 35%)
The wight seems to slow down.
The wight misses you.
Reach: v) +2 trident (pain)
Press: ? - help, Dir - move target, f/p - wight
Aim: a wight, wielding a +5 trident and wearing a +0 robe (moderately damaged, slow, about 37% to evade your +2 trident of pain)
You reach to attack!
You hit the wight.
The wight is heavily damaged.
Reach: v) +2 trident (pain)
Press: ? - help, Dir - move target, f/p - wight
Aim: a wight, wielding a +5 trident and wearing a +0 robe (heavily damaged, slow, about 37% to evade your +2 trident of pain)
You reach to attack!
You puncture the wight!
You destroy the wight!
A wight comes into view. It is wielding a +0 trident.
You see here a +0 robe.
Things that are here:
a +5 trident; a +0 robe
I - a +5 trident
I - a +5 trident (weapon)
You block the wight's attack.
You see here a +0 robe.
You reach to attack!
You puncture the wight!
The wight is almost destroyed.
The wight barely misses you.
You reach to attack!
You closely miss the wight.
The wight is almost destroyed.
The wight hits you from afar with a +0 trident.
You feel drained.
You reach to attack!
You hit the wight.
You destroy the wight!
No target in view!
No target in view!
HP restored.
Things that are here:
a +0 trident; a +0 robe Done exploring.
Done exploring.
Done exploring.
Done exploring.
Done exploring.
Done exploring.
(D) Dungeon (T) Temple
Where to? (Enter - D:5 @ (x,y), ? - help)
There is a stone staircase leading down here.
You climb downwards.
Found 9 gold pieces.
There is a stone staircase leading up here.
There are monsters nearby!
You reach to attack!
The helpless jelly fails to defend itself.
You puncture the jelly!
The jelly is almost dead.
You hit the jelly.
You kill the jelly!
You reach to attack!
You hit the phantom.
The phantom is lightly damaged.
A wyvern comes into view.
A shadow imp comes into view.
The wyvern moves out of view.
The shadow imp shouts!
You puncture the phantom!
The phantom is heavily damaged.
You hear a shout!
A centaur comes into view.
The phantom barely misses you.
You barely miss the phantom.
The phantom is moderately damaged.
The wyvern hisses angrily.
The phantom hits you but does no damage.
The centaur wields a +0 shortbow.
The centaur shoots an arrow.
The arrow hits you but does no damage.
You barely miss the phantom.
The phantom is moderately damaged.
You block the phantom's attack.
You closely miss the phantom.
The phantom is moderately damaged.
The phantom hits you but does no damage.
The centaur shoots an arrow.
You block the arrow.
There is a stone staircase leading up here.
The wyvern bites you. You block the phantom's attack.
The shadow imp laughs crazily.
You climb upwards.
There is a stone staircase leading down here.
The wyvern barely misses you.
Casting: Slow (safe; 17% risk of failure)
Confirm with . or Enter, or press ? or * to list all spells.
Aiming: Vampiric Draining (safe; 1% risk of failure)
Press: ? - help, Shift-Dir - straight line, f - wyvern
Aim: a wyvern You draw life force from the wyvern!
You feel life coursing into your body. The wyvern closely misses you.
Casting: Vampiric Draining (safe; 1% risk of failure)
Confirm with . or Enter, or press ? or * to list all spells.
Aiming: Vampiric Draining (safe; 1% risk of failure)
Press: ? - help, Shift-Dir - straight line, f/p - wyvern
Aim: a wyvern (moderately wounded)
You draw life force from the wyvern!
You feel life coursing into your body. You block the wyvern's attack.
The wyvern bites you!
You hit the wyvern but do no damage.
The wyvern is severely wounded.
The wyvern bites you.
Casting: Vampiric Draining (safe; 1% risk of failure)
Confirm with . or Enter, or press ? or * to list all spells.
Aiming: Vampiric Draining (safe; 1% risk of failure)
Press: ? - help, Shift-Dir - straight line, f/p - wyvern
Aim: a wyvern (severely wounded)
You draw life force from the wyvern.
You feel life coursing into your body. The wyvern closely misses you.
The wyvern barely misses you.
You puncture the wyvern!
You kill the wyvern!
Your life force feels restored.
You puncture the phantom!
The phantom is severely damaged.
The phantom hits you but does no damage.
You puncture the phantom!
The phantom is almost destroyed.
The phantom hits you.
The phantom blinks!
You blink.
You barely miss the phantom.
The phantom is almost destroyed.
The phantom barely misses you.
You hit the phantom.
You destroy the phantom!
Your Armour skill increases to level 5!
You have reached level 9!
Your experience leads to a dramatic increase in your attributes!
Your base attributes are Str 9, Int 25, Dex 14.
Increase (S)trength, (I)ntelligence, or (D)exterity?
You feel stronger. x4
You start resting.
Magic restored.
There is a stone staircase leading down, spattered with blood here.
You start resting.
HP restored.
Unknown command.
You start removing your armour.
You continue taking off your +0 robe. x4
You finish taking off your +0 robe.
You start putting on your armour.
You continue putting on your +0 ring mail. x5
You finish putting on your +0 ring mail.
You climb downwards.
The centaur shoots an arrow.
The arrow hits you.
There is a stone staircase leading up here.
You reach to attack!
You hit the shadow imp.
The shadow imp is moderately wounded.
The centaur shoots an arrow.
The arrow hits you.
You puncture the shadow imp!
You kill the shadow imp!
The centaur shoots an arrow.
The arrow hits you!
The centaur shoots an arrow.
The arrow hits you.
The centaur shoots an arrow.
The arrow completely misses you.
You reach to attack!
You closely miss the centaur.
The centaur unwields a +0 shortbow.
The centaur hits you but does no damage.
You block the centaur's attack.
You completely miss the centaur.
The centaur hits you but does no damage.
The centaur closely misses you.
You puncture the centaur!
The centaur is heavily wounded.
The centaur completely misses you. The centaur closely misses you.
You hit the centaur but do no damage.
The centaur is heavily wounded.
The centaur closely misses you. You block the centaur's attack.
The centaur closely misses you.
The centaur kicks you but does no damage.
You puncture the centaur!
You kill the centaur!
Casting: Vampiric Draining (dangerous; 3% risk of failure)
Confirm with . or Enter, or press ? or * to list all spells.
You can't see any susceptible monsters within range! (Use Z to cast anyway.) Unknown command.
HP restored.
Things that are here:
a +0 shortbow; 24 arrows; a centaur corpse
Found a cloak.
You now have 326 gold pieces (gained 9).
e - 3 scrolls labelled MOMADAQ OCRO (gained 1)
Found 9 stones.
You see here 9 stones.
A centaur comes into view.
The centaur shouts!
The centaur wields a +0 shortbow.
The centaur shoots an arrow.
The arrow hits you.
A centaur is nearby!
A centaur is nearby!
A centaur is nearby!
Found 13 gold pieces.
A wight comes into view. It is wielding a +4 hand axe.
The centaur shoots an arrow.
The arrow completely misses you.
The centaur shoots an arrow.
You block the arrow.
A wight comes into view. It is wielding a +3 morningstar.
You reach to attack!
You hit the centaur.
The centaur is lightly wounded.
You barely miss the centaur.
The centaur is lightly wounded.
The centaur unwields a +0 shortbow.
The centaur hits you but does no damage.
The centaur kicks you but does no damage.
A wight comes into view. It is wielding a +0 falchion.
You hit the centaur.
The centaur is heavily wounded.
The centaur barely misses you. The centaur kicks you.
The centaur hits you but does no damage.
The centaur kicks you.
You puncture the centaur!
You kill the centaur!
A wight comes into view. It is wielding a +3 spear.
Things that are here:
a +0 shortbow; 6 arrows A wight is nearby!
A wight is nearby!
A wight is nearby!
A wight is nearby!
You hit the wight.
The wight is moderately damaged.
The wight barely misses you.
You hit the wight.
The wight is heavily damaged.
The wight closely misses you.
You hit the wight.
The wight is severely damaged.
You block the wight's attack.
You puncture the wight!
You destroy the wight!
You hit the wight.
The wight is heavily damaged.
The wight hits you with a +0 falchion.
You hit the wight but do no damage.
The wight is heavily damaged.
The wight barely misses you.
You barely miss the wight.
The wight is heavily damaged.
You block the wight's attack.
You hit the wight.
The wight is severely damaged.
The wight hits you but does no damage.
You hit the wight.
The wight is severely damaged.
The wight hits you with a +0 falchion.
You feel drained.
You puncture the wight!
You destroy the wight!
Your life force feels restored.
Your Polearms skill increases to level 7!
You hit the wight.
The wight is moderately damaged.
You block the wight's attack.
You hit the wight but do no damage.
The wight is moderately damaged.
The wight completely misses you.
You completely miss the wight.
The wight is moderately damaged.
You block the wight's attack.
You puncture the wight!
The wight is severely damaged.
You block the wight's attack.
You puncture the wight!
You destroy the wight!
No target in view!
No target in view!
No target in view!
No target in view!
No target in view!
No target in view!
No target in view!
No target in view!
No target in view!
No target in view!
No target in view!
No target in view!
Items here: ))) [[[.
Found a stone staircase leading up.
C - 2 scrolls labelled YRAMYB PYXE (gained 1)
You now have 339 gold pieces (gained 13).
A gnoll comes into view. It is wielding a +0 spear.
Found 29 arrows.
Found an ornate altar of the Wu Jian Council.
The gnoll shouts!
A gnoll comes into view. It is wielding a +0 whip.
There are monsters nearby! 2 gnolls and a gnoll shaman come into view.
The gnoll shaman shouts!
The gnoll shouts! x2; You hear a shout!
The gnoll shaman moves out of view.
The teleport trap disappears.
The gnoll disappears!
You reach to attack!
You puncture the gnoll!
The gnoll is severely wounded.
The gnoll hits you but does no damage.
You reach to attack!
You hit the gnoll.
You kill the gnoll!
You reach to attack!
You barely miss the gnoll.
The gnoll hits you from afar with a +0 spear!
You reach to attack!
You puncture the gnoll shaman!
The gnoll shaman is heavily wounded.
The gnoll hits you but does no damage.
The gnoll shaman calls upon its god to speed up the gnoll.
The gnoll seems to speed up.
You reach to attack!
You puncture the gnoll!
The gnoll is severely wounded.
The gnoll hits you from afar with a +0 spear.
You reach to attack!
You puncture the gnoll!
You kill the gnoll!
You barely miss the gnoll. The gnoll hits you but does no damage.
You puncture the gnoll shaman!
You kill the gnoll shaman!
The gnoll hits you with a +0 flail.
You puncture the gnoll!
You kill the gnoll!
You puncture the gnoll!
The gnoll is almost dead.
The gnoll misses you.
You puncture the gnoll!
You kill the gnoll!
No target in view!
No target in view!
A wyvern comes into view.
The wyvern moves out of view.
A wyvern is nearby!
A wyvern is nearby!
A wyvern is nearby!
A wyvern is nearby!
A gnoll comes into view. It is wielding a +0 flail.
The gnoll shouts!
The wyvern hisses angrily.
Things that are here:
a +0 whip; a +0 leather armour; a gnoll corpse You see here a +0 spear.
You hit the wyvern.
The wyvern is lightly wounded.
The wyvern misses you.
Casting: Vampiric Draining (dangerous; 3% risk of failure)
Confirm with . or Enter, or press ? or * to list all spells.
Aiming: Vampiric Draining (dangerous; 3% risk of failure)
Press: ? - help, Shift-Dir - straight line, f - wyvern
Aim: a wyvern (lightly wounded)
You draw life force from the wyvern!
You feel life coursing into your body. You block the wyvern's attack.
The wyvern bites you but does no damage.
Casting: Vampiric Draining (dangerous; 3% risk of failure)
Confirm with . or Enter, or press ? or * to list all spells.
Aiming: Vampiric Draining (dangerous; 3% risk of failure)
Press: ? - help, Shift-Dir - straight line, f/p - wyvern
Aim: a wyvern (heavily wounded)
You draw life force from the wyvern!
You feel life coursing into your body. The wyvern closely misses you.
Casting: Vampiric Draining (dangerous; 3% risk of failure)
Confirm with . or Enter, or press ? or * to list all spells.
Aiming: Vampiric Draining (dangerous; 3% risk of failure)
Press: ? - help, Shift-Dir - straight line, f/p - wyvern
Aim: a wyvern (severely wounded)
You draw life force from the wyvern!
You kill the wyvern!
You feel life coursing into your body.
You puncture the gnoll!
The gnoll is severely wounded.
You puncture the gnoll!
You kill the gnoll!
No target in view!
No target in view!
Magic restored.
d - 9 scrolls labelled PUJICU OSAHAE (gained 1)
Things that are here:
a +0 flail; a gnoll corpse
Things that are here:
a +0 spear; a gnoll corpse You see here a wyvern corpse.
You see here a +0 spear.
Things that are here:
a +0 whip; a +0 leather armour; a gnoll corpse
Things that are here:
a +0 whip; a +0 flail; a gnoll corpse
There is a stone staircase leading up here.
J - a ring of magical power You open the door.
There is an open door here.
There is an open door here.
Found an escape hatch in the ceiling.
Things that are here:
a +0 shortbow; 24 arrows
Found an escape hatch in the floor.
Found a ring of poison resistance.
You pick up a book of Burglary and begin reading...
You add the spells Passwall, Swiftness and Invisibility to your library.
No target in view!
No target in view!
You can't see any susceptible monsters within range! (Use Z to cast anyway.)
d - 10 scrolls labelled PUJICU OSAHAE (gained 1)
You now have 352 gold pieces (gained 13).
A kobold comes into view. It is wielding a +0 dagger.
Found 18 gold pieces and a scroll labelled MOMADAQ OCRO.
A kobold is nearby!
A kobold is nearby!
A jelly, 4 kobolds and a kobold brigand come into view.
The kobold brigand is wielding a +0 dagger and quivering poisoned darts.
The kobold shouts!
A kobold comes into view.
It is wielding a +0 whip. 2 kobolds come into view.
The kobold shouts! x3
The jelly quivers.
The kobold shouts!
A kobold comes into view. It is wielding a +2 dagger of venom.
The kobold brigand shouts!
You reach to attack!
You barely miss the kobold.
The kobold shouts!
The kobold shouts!
You puncture the kobold!
You kill the kobold!
You hit the kobold.
You kill the kobold!
You puncture the jelly!
Your hands burn!
The jelly is severely wounded.
The jelly hits you but does no damage.
You puncture the jelly!
You kill the jelly!
The kobold throws a stone.
The stone hits you but does no damage.
You puncture the kobold!
You kill the kobold!
The kobold shouts!
You puncture the kobold!
You kill the kobold!
You hear a shout!
You block the kobold's attack.
A kobold brigand comes into view.
It is wielding a +0 dagger and quivering poisoned darts.
You hear a shout!
You hit the kobold.
The kobold is moderately wounded.
You block the kobold's attack.
You closely miss the kobold.
The kobold is moderately wounded.
You hit the kobold.
You kill the kobold!
The kobold throws a stone.
The stone barely misses you.
A kobold comes into view.
It is wielding a +0 dagger and quivering poisoned darts.
A kobold comes into view. It is wielding a +0 dagger.
You closely miss the kobold brigand.
The kobold brigand hits you but does no damage.
You barely miss the kobold brigand.
The kobold brigand hits you with a +0 dagger.
The kobold brigand throws a poisoned dart.
The poisoned dart hits you!
You are poisoned.
The kobold hits you with a +2 dagger of venom.
You barely miss the kobold brigand.
You feel very sick.
The kobold brigand hits you but does no damage.
You barely miss the kobold brigand.
You feel sick. The kobold brigand misses you. The kobold closely misses you.
You puncture the kobold brigand!
The kobold brigand is heavily wounded.
You feel sick. The kobold completely misses you.
You block the kobold brigand's attack. You block the kobold's attack.
You hit the kobold brigand.
The kobold brigand is severely wounded.
You feel sick. The kobold completely misses you.
The kobold brigand hits you with a +0 dagger.
You block the kobold's attack.
You puncture the kobold brigand!
The kobold brigand is almost dead.
You feel sick. You block the kobold brigand's attack.
You block the kobold's attack.
You barely miss the kobold brigand.
The kobold brigand is almost dead.
You feel sick. You block the kobold's attack. The kobold brigand misses you.
The kobold barely misses you.
You closely miss the kobold brigand.
The kobold brigand is almost dead.
You feel sick. The kobold brigand barely misses you.
The kobold barely misses you.
You puncture the kobold brigand!
You kill the kobold brigand!
You feel sick.
A kobold comes into view. It is wielding a +0 dagger.
The kobold barely misses you. The kobold closely misses you.
You barely miss the kobold.
You feel sick.
You are no longer poisoned.
The kobold hits you but does no damage.
The kobold hits you with a +2 dagger of venom.
You are poisoned.
You are too injured to fight recklessly!
You are too injured to fight recklessly!
You are too injured to fight recklessly!
You are too injured to fight recklessly!
You are too injured to fight recklessly!
You are too injured to fight recklessly!
You are too injured to fight recklessly!
You are too injured to fight recklessly!
You are too injured to fight recklessly!
Casting: Vampiric Draining (dangerous; 3% risk of failure)
Confirm with . or Enter, or press ? or * to list all spells.
Aiming: Vampiric Draining (dangerous; 3% risk of failure)
Press: ? - help, Shift-Dir - straight line, f - kobold brigand
Aim: a kobold brigand, wielding a +0 dagger and quivering poisoned darts You draw life force from the kobold brigand!
You feel life coursing into your body.
You feel very sick. You block the kobold's attack.
Casting: Vampiric Draining (dangerous; 3% risk of failure)
Confirm with . or Enter, or press ? or * to list all spells.
Aiming: Vampiric Draining (dangerous; 3% risk of failure)
Press: ? - help, Shift-Dir - straight line, f/p - kobold brigand
Aim: a kobold brigand, wielding a +0 dagger and quivering poisoned darts (moderately wounded)
You draw life force from the kobold brigand.
You feel life coursing into your body.
You feel sick. You block the kobold brigand's attack.
You block the kobold's attack. x2
Casting: Vampiric Draining (dangerous; 3% risk of failure)
Confirm with . or Enter, or press ? or * to list all spells.
Aiming: Vampiric Draining (dangerous; 3% risk of failure)
Press: ? - help, Shift-Dir - straight line, f/p - kobold brigand
Aim: a kobold brigand, wielding a +0 dagger and quivering poisoned darts (heavily wounded)
You draw life force from the kobold brigand!
You feel life coursing into your body.
You feel sick.
The kobold brigand hits you with a +0 dagger.
The kobold hits you but does no damage. x2
You are more poisoned.
Casting: Vampiric Draining (dangerous; 3% risk of failure)
Confirm with . or Enter, or press ? or * to list all spells.
Aiming: Vampiric Draining (dangerous; 3% risk of failure)
Press: ? - help, Shift-Dir - straight line, f/p - kobold brigand
Aim: a kobold brigand, wielding a +0 dagger and quivering poisoned darts (severely wounded)
You draw life force from the kobold brigand!
You kill the kobold brigand!
You feel life coursing into your body.
* * * LOW MAGIC WARNING * * *
You feel sick. You block the kobold's attack.
The kobold hits you but does no damage.
You are more poisoned.
Your Armour skill increases to level 6!
You hit the kobold.
You kill the kobold!
You feel very sick. The kobold hits you but does no damage.
The kobold hits you with a +2 dagger of venom.
You barely miss the kobold.
You feel very sick. The kobold closely misses you.
The kobold hits you but does no damage.
You barely miss the kobold.
You feel sick. The kobold hits you with a +0 whip.
* * * LOW HITPOINT WARNING * * *
The kobold hits you but does no damage. x2
Casting: Vampiric Draining (dangerous; 3% risk of failure)
Confirm with . or Enter, or press ? or * to list all spells.
Aiming: Vampiric Draining (dangerous; 3% risk of failure)
Press: ? - help, Shift-Dir - straight line, f - kobold
Aim: a kobold, wielding a +0 dagger You draw life force from the kobold!
You kill the kobold!
You feel life coursing into your body.
* * * LOW MAGIC WARNING * * *
You feel sick. The kobold closely misses you.
Casting: Vampiric Draining (dangerous; 3% risk of failure)
Confirm with . or Enter, or press ? or * to list all spells.
You don't have enough magic to cast this spell.
Unknown command.
Casting: Vampiric Draining (dangerous; 3% risk of failure)
Confirm with . or Enter, or press ? or * to list all spells.
You don't have enough magic to cast this spell.
You puncture the kobold!
You kill the kobold!
You feel sick.
The kobold throws a poisoned dart.
The poisoned dart hits you!
You are more poisoned.
You block the kobold's attack.
You feel very sick.
Items here: (( ))) †.
You puncture the kobold!
You kill the kobold!
You feel very sick.
You puncture the kobold!
You kill the kobold!
You feel sick.
You puncture the kobold!
You kill the kobold!
You feel sick.
You feel sick. The kobold misses you.
Items here: ( )) †.
You barely miss the kobold.
You feel sick. You block the kobold's attack.
You puncture the kobold!
You kill the kobold!
You feel sick.
You feel sick.
Items here: (( ))) †.
You feel sick.
You feel sick.
You are no longer poisoned.
There is an escape hatch in the ceiling here.
You start resting.
Magic restored.
You start resting.
HP restored.
You're wearing all the rings you can.
Remove which one? (? for menu, Esc to cancel) < or
b - a +6 ring of strength; > or
f - a ring of resist corrosion You remove your ring of resist corrosion.
z - a ring of poison resistance (right hand)
Okay, then.
Okay, then.
Found a club.
e - 4 scrolls labelled MOMADAQ OCRO (gained 1)
You now have 371 gold pieces (gained 19).
Things that are here:
a +0 dagger; 8 poisoned darts
Items here: ( )))) ÷÷.
Items here: ( )) ÷.
Items here: (( ))))) ÷.
Items here: ( )) ÷.
Items here: (( ))) ÷.
You now have 389 gold pieces (gained 18).
d - 11 scrolls labelled PUJICU OSAHAE (gained 1)
Found a stone staircase leading down.
The ogre shouts!
An ogre is nearby!
An ogre is nearby!
An ogre is nearby!
No target in view!
No target in view!
No target in view!
A wight comes into view. It is wielding a +3 hand axe.
Found a metallic green potion.
A wight comes into view. It is wielding a +2 flail.
A wight comes into view. It is wielding a +2 dagger.
A wight comes into view. It is wielding a +0 scimitar.
You puncture the ogre!
The ogre is moderately wounded.
The ogre closely misses you.
You hit the ogre.
The ogre is heavily wounded.
You block the ogre's attack.
You puncture the ogre!
The ogre is severely wounded.
You hit the ogre.
The ogre is severely wounded.
The ogre barely misses you.
You barely miss the ogre.
The ogre is severely wounded.
The wight hits you but does no damage. The ogre hits you but does no damage.
You puncture the ogre!
You kill the ogre!
The wight hits you with a +3 hand axe.
You hit the wight.
The wight is lightly damaged.
You block the wight's attack. The wight hits you with a +3 hand axe.
You puncture the wight!
The wight is severely damaged.
The wight barely misses you.
You closely miss the wight.
The wight is severely damaged.
You hit the wight.
The wight is severely damaged.
You block the wight's attack. x2
You hit the wight but do no damage.
The wight is severely damaged.
The wight barely misses you. You block the wight's attack.
You barely miss the wight.
The wight is severely damaged.
The wight barely misses you.
You hit the wight.
The wight is severely damaged.
The wight closely misses you. The wight hits you with a +0 scimitar!
You completely miss the wight.
The wight is severely damaged.
The wight hits you but does no damage. The wight misses you.
You completely miss the wight.
The wight is severely damaged.
The wight hits you but does no damage. x2
You barely miss the wight.
The wight is severely damaged.
You block the wight's attack. The wight misses you.
You puncture the wight!
You destroy the wight!
You hit the wight.
The wight is moderately damaged.
The wight hits you but does no damage.
You puncture the wight!
The wight is heavily damaged.
The wight hits you with a +2 dagger.
You feel drained.
You hit the wight.
The wight is heavily damaged.
You hit the wight.
The wight is almost destroyed.
You block the wight's attack.
You hit the wight.
You destroy the wight!
The wight closely misses you.
Your life force feels restored.
You hit the wight.
The wight is moderately damaged.
You hit the wight.
The wight is heavily damaged.
The wight barely misses you.
You barely miss the wight.
The wight is heavily damaged.
The wight hits you but does no damage.
You hit the wight.
The wight is almost destroyed.
The wight hits you with a +2 dagger.
You feel drained.
You hit the wight.
You destroy the wight!
You are too injured to fight recklessly!
You are too injured to fight recklessly!
You are too injured to fight recklessly!
You are too injured to fight recklessly!
You are too injured to fight recklessly!
You are too injured to fight recklessly!
You are too injured to fight recklessly!
You are too injured to fight recklessly!
You are too injured to fight recklessly!
You are too injured to fight recklessly!
You are too injured to fight recklessly!
You are too injured to fight recklessly!
You are too injured to fight recklessly!
You are too injured to fight recklessly!
You are too injured to fight recklessly!
You are too injured to fight recklessly!
You are too injured to fight recklessly!
You are too injured to fight recklessly!
You barely miss the wight.
The wight is moderately damaged.
You block the wight's attack.
You hit the wight but do no damage.
The wight is moderately damaged.
The wight completely misses you.
You closely miss the wight.
The wight is moderately damaged.
The wight barely misses you.
You puncture the wight!
The wight is almost destroyed.
The wight hits you but does no damage.
You puncture the wight!
You destroy the wight!
Your life force feels restored.
Items here: )) [[.
Items here: )) [[.
Items here: )) [[.
Things that are here:
a +0 giant spiked club; an ogre corpse
Found a stone staircase leading down.
Found a stone staircase leading up.
K - a metallic green potion
Found a stone staircase leading down.
There is a stone staircase leading down here.
Key pressed, stopping explore.
Key pressed, stopping explore.
Key pressed, stopping explore.
Key pressed, stopping explore.
Done exploring.
Done exploring.
Done exploring.
Done exploring.
Done exploring.
Done exploring.
(D) Dungeon (T) Temple
Where to? (Enter - D:7 @ (x,y), ? - help)
There is a stone staircase leading down here.
You climb downwards.
There is a stone staircase leading up here.
Found a stone staircase leading down.
As you open the door, it creaks loudly! 4 yaks come into view.
The yak bellows! x2
A yak comes into view. x2
Found a stone staircase leading up.
There are monsters nearby!
The yak bellows! x3
There is an open door here.
You reach to attack!
You hit the yak.
The yak is lightly wounded.
You hit the yak.
The yak is moderately wounded.
You block the yak's attack.
You puncture the yak!
The yak is heavily wounded.
The yak gores you!
You hit the yak.
The yak is severely wounded.
The yak gores you.
You barely miss the yak.
The yak is severely wounded.
The yak gores you.
You hit the yak.
The yak is severely wounded.
You puncture the yak!
The yak is moderately wounded.
You hit the yak but do no damage.
The yak is moderately wounded.
The yak gores you but does no damage.
You hit the yak but do no damage.
The yak is moderately wounded.
The yak closely misses you.
You completely miss the yak.
The yak is moderately wounded.
The yak gores you!
You are too injured to fight recklessly!
You are too injured to fight recklessly!
Casting: Vampiric Draining (dangerous; 3% risk of failure)
Confirm with . or Enter, or press ? or * to list all spells.
Aiming: Vampiric Draining (dangerous; 3% risk of failure)
Press: ? - help, Shift-Dir - straight line, f - yak, p - yak
Aim: a yak (moderately wounded)
You draw life force from the yak!
You feel life coursing into your body. The yak gores you but does no damage.
Casting: Vampiric Draining (dangerous; 3% risk of failure)
Confirm with . or Enter, or press ? or * to list all spells.
Aiming: Vampiric Draining (dangerous; 3% risk of failure)
Press: ? - help, Shift-Dir - straight line, f/p - yak
Aim: a yak (severely wounded)
You draw life force from the yak!
You feel life coursing into your body. The yak gores you!
Casting: Vampiric Draining (dangerous; 3% risk of failure)
Confirm with . or Enter, or press ? or * to list all spells.
Aiming: Vampiric Draining (dangerous; 3% risk of failure)
Press: ? - help, Shift-Dir - straight line, f/p - yak
Aim: a yak (almost dead)
You draw life force from the yak!
You kill the yak!
You feel life coursing into your body.
Casting: Vampiric Draining (dangerous; 3% risk of failure)
Confirm with . or Enter, or press ? or * to list all spells.
Aiming: Vampiric Draining (dangerous; 3% risk of failure)
Press: ? - help, Shift-Dir - straight line, f - yak
Aim: a yak You draw life force from the yak!
You feel life coursing into your body.
* * * LOW MAGIC WARNING * * *
The yak gores you but does no damage.
Casting: Vampiric Draining (dangerous; 3% risk of failure)
Confirm with . or Enter, or press ? or * to list all spells.
You don't have enough magic to cast this spell.
Unknown command.
You barely miss the yak.
The yak is moderately wounded.
The yak gores you but does no damage.
You hit the yak.
The yak is moderately wounded.
The yak barely misses you.
You puncture the yak!
The yak is heavily wounded.
The yak gores you.
You hit the yak but do no damage.
The yak is heavily wounded.
The yak barely misses you.
You puncture the yak!
The yak is almost dead.
The yak gores you.
* * * LOW HITPOINT WARNING * * *
You puncture the yak!
You kill the yak!
Your Polearms skill increases to level 8!
You puncture the yak!
The yak is moderately wounded.
The yak gores you.
* * * LOW HITPOINT WARNING * * *
Unknown command.
Casting: Vampiric Draining (dangerous; 3% risk of failure)
Confirm with . or Enter, or press ? or * to list all spells.
You don't have enough magic to cast this spell.
You puncture the yak!
The yak is severely wounded.
The yak gores you but does no damage.
You puncture the yak!
The yak is almost dead.
The yak gores you but does no damage.
You completely miss the yak.
The yak is almost dead.
The yak gores you.
* * * LOW HITPOINT WARNING * * *
You barely miss the yak.
The yak is almost dead.
The yak gores you but does no damage.
You hit the yak but do no damage.
The yak is almost dead.
The yak gores you but does no damage.
Casting: Vampiric Draining (dangerous; 3% risk of failure)
Confirm with . or Enter, or press ? or * to list all spells.
You call on the dead to rise...
The dead are walking!
* * * LOW MAGIC WARNING * * *
The yak gores you.
* * * LOW HITPOINT WARNING * * *
You puncture the yak!
You kill the yak!
You hit the yak.
The yak is lightly wounded.
The yak gores you.
* * * LOW HITPOINT WARNING * * *
You puncture the yak!
The yak is moderately wounded.
The yak barely misses you.
Your yak zombie gores the yak.
You hit the yak.
The yak is heavily wounded.
The yak closely misses you.
You puncture the yak!
The yak is almost dead.
Your yak zombie gores the yak.
You block the yak's attack.
You hit the yak.
You kill the yak!
Your yak zombie gores the yak.
Your Armour skill increases to level 7!
You puncture the yak!
The yak is almost dead.
Your yak zombie closely misses the yak.
The yak gores you but does no damage.
You barely miss the yak.
The yak is almost dead.
The yak barely misses you.
You closely miss the yak.
The yak is almost dead.
Your yak zombie gores the yak.
The yak dies!
Reach: I) +5 trident
Press: ? - help, Dir - move target, f - yak
Aim: a yak (about 24% to evade your +5 trident)
You reach to attack!
You hit the yak.
The yak is lightly wounded.
Your yak zombie gores the yak.
Reach: I) +5 trident
Press: ? - help, Dir - move target, f/p - yak
Aim: a yak (lightly wounded, ally target, about 24% to evade your +5 trident)
You closely miss the yak.
The yak is lightly wounded.
The yak gores you!
* * * LOW HITPOINT WARNING * * *
Reach: I) +5 trident
Press: ? - help, Dir - move target, f/p - yak
Aim: a yak (lightly wounded, ally target, about 24% to evade your +5 trident)
You barely miss the yak.
The yak is lightly wounded.
Your yak zombie closely misses the yak.
The yak barely misses you.
Reach: I) +5 trident
Press: ? - help, Dir - move target, f/p - yak
Aim: a yak (lightly wounded, ally target, about 24% to evade your +5 trident)
You barely miss the yak.
The yak is lightly wounded.
Your yak zombie gores the yak.
The yak barely misses you.
Reach: I) +5 trident
Press: ? - help, Dir - move target, f/p - yak
Aim: a yak (lightly wounded, ally target, about 24% to evade your +5 trident)
You closely miss the yak.
The yak is lightly wounded.
Reach: I) +5 trident
Press: ? - help, Dir - move target, f/p - yak
Aim: a yak (lightly wounded, ally target, about 24% to evade your +5 trident)
You barely miss the yak.
The yak is lightly wounded.
The yak gores you.
* * * LOW HITPOINT WARNING * * *
Your yak zombie gores the yak.
Reach: I) +5 trident
Press: ? - help, Dir - move target, f/p - yak
Aim: a yak (moderately wounded, ally target, about 24% to evade your +5 trident)
You barely miss the yak.
The yak is moderately wounded.
The yak gores you.
* * * LOW HITPOINT WARNING * * *
Your yak zombie barely misses the yak.
Casting: Animate Dead (dangerous; 11% risk of failure)
Confirm with . or Enter, or press ? or * to list all spells.
You don't have enough magic to cast this spell.
Unknown command.
Casting: Animate Dead (dangerous; 11% risk of failure)
Confirm with . or Enter, or press ? or * to list all spells.
Aiming: Vampiric Draining (dangerous; 3% risk of failure)
Press: ? - help, Shift-Dir - straight line, f/p - yak
Aim: a yak (moderately wounded, ally target)
You draw life force from the yak!
You feel life coursing into your body.
* * * LOW MAGIC WARNING * * *
The yak closely misses you.
You hit the yak.
The yak is heavily wounded.
The yak gores you.
* * * LOW HITPOINT WARNING * * *
You hit the yak.
The yak is heavily wounded.
The yak gores you!
You die...

# .# ..# ### ### ...#
##.###.# #### ####
....####...##.###..####..####
....'.........ZY@...........+
....####...##.###.###.<..####
...# ##>#...# #.......## ..#
###.### #.####### .# #.#
#.......# # #.# #######.# #.#
#.# #.#


You could see a yak (ally target) and a friendly yak zombie.

Vanquished Creatures
  Pikel (D:4)
  2 wyverns
  4 yaks (D:8)
  Duvessa (D:6)
  A sky beast (D:6)
  A necrophage (D:6)
  An ogre (D:7)
  2 centaurs (D:7)
  3 lemures
  4 phantoms
  2 kobold brigands (D:7)
  Blork the orc (D:5)
  Dowan (D:6)
  12 wights
  A bullfrog zombie (D:6)
  Crazy Yiuf (D:4)
  A centaur zombie (D:5)
  2 orc priests (D:5)
  A gnoll shaman (D:7)
  2 hounds
  2 jellies (D:7)
  Natasha (thrice) (D:3)
  6 iguanas
  An orc wizard (D:5)
  A hound zombie (D:5)
  2 hound skeletons
  Robin (D:4)
  11 adders
  13 gnolls
  4 shadow imps
  2 ufetubi (D:6)
  2 worms
  4 dart slugs
  14 orcs
  5 bats
  6 endoplasms
  3 giant cockroaches
  13 goblins
  10 hobgoblins
  2 jackals (D:1)
  19 kobolds
  4 quokkas
  8 ball pythons
  4 frilled lizards
  7 rats
191 creatures vanquished.

Vanquished Creatures (collateral kills)
  A yak (D:8)
1 creature vanquished.

Vanquished Creatures (others)
  7 plants (D:3)
7 creatures vanquished.

Grand Total: 199 creatures vanquished

Notes
Turn   | Place    | Note
-------+----------+-------------------------------------------
     0 | D:1      | sleeves the Demigod Necromancer began the quest for the
                  | Orb.
     0 | D:1      | Reached XP level 1. HP: 14/14 MP: 5/5
   336 | D:1      | Reached skill level 4 in Necromancy
   420 | D:1      | Reached XP level 2. HP: 15/20 MP: 2/7
   804 | D:1      | Found Aniom's Armour Boutique.
  1549 | D:1      | HP: 9/20 [goblin (1)]
  2198 | D:2      | Reached XP level 3. HP: 24/26 MP: 6/8
  2202 | D:2      | Learned a level 3 spell: Vampiric Draining
  2910 | D:2      | Reached skill level 5 in Necromancy
  3393 | D:3      | Noticed Grinder
  3397 | D:2      | Reached XP level 4. HP: 33/33 MP: 9/9
  3648 | D:2      | HP: 15/33 [Grinder/nerve-wracking pain (11)]
  3652 | D:2      | Paralysed by Grinder for 7 turns
  4129 | D:3      | Noticed Natasha
  4173 | D:2      | Reached skill level 6 in Necromancy
  4229 | D:3      | Killed Natasha
  4229 | D:3      | Noticed Natasha
  4230 | D:3      | Reached XP level 5. HP: 34/38 MP: 5/10
  4315 | D:3      | Killed Natasha
  4460 | D:3      | Noticed Natasha
  4514 | D:3      | Killed Natasha
  5451 | D:4      | Noticed Robin
  5518 | D:4      | Reached XP level 6. HP: 38/45 MP: 8/11
  5574 | D:4      | Killed Robin
  5781 | D:4      | HP: 15/45 [lemure[Pikel] (9)]
  5986 | D:4      | Learned a level 4 spell: Animate Dead
  6008 | D:4      | Noticed Pikel
  6042 | D:3      | HP: 22/45 [lemure[Pikel] (7)]
  6063 | D:3      | HP: 20/45 [lemure[Pikel] (5)]
  6366 | D:4      | HP: 21/45 [phantom (5)]
  6370 | D:4      | Reached skill level 1 in Polearms
  6370 | D:4      | Reached skill level 7 in Necromancy
  6547 | D:4      | Reached skill level 1 in Shields
  6730 | D:4      | Found a runed translucent door.
  6731 | D:4      | Noticed Crazy Yiuf
  6886 | D:3      | HP: 22/45 [lemure[Pikel] (2)]
  7248 | D:2      | HP: 22/45 [lemure[Pikel] (2)]
  7259 | D:2      | HP: 18/45 [lemure[Pikel] (4)]
  7271 | D:2      | HP: 19/45 [lemure[Pikel] (1)]
  7491 | D:4      | Killed Crazy Yiuf
  7515 | D:4      | Killed Pikel
  7516 | D:4      | Reached skill level 3 in Polearms
  7516 | D:4      | Reached skill level 3 in Shields
  7516 | D:4      | Reached XP level 7. HP: 29/50 MP: 0/12
  7629 | D:5      | Entered Level 5 of the Dungeon
  7713 | D:5      | Reached skill level 4 in Polearms
  7857 | D:5      | Reached skill level 4 in Shields
  8065 | D:5      | Reached skill level 1 in Armour
  8294 | D:5      | Noticed Blork the orc
  8301 | D:5      | HP: 24/50 [Blork the orc (7)]
  8303 | D:5      | Killed Blork the orc
  8304 | D:5      | Reached XP level 8. HP: 28/57 MP: 6/13
  8518 | D:5      | Reached skill level 2 in Armour
  8755 | D:5      | HP: 22/57 [iguana (10)]
  8947 | D:5      | Reached skill level 5 in Polearms
  9176 | D:6      | Reached skill level 3 in Armour
  9235 | D:6      | HP: 14/53 [wight (16)]
  9854 | D:6      | Found a staircase to the Ecumenical Temple.
 10133 | D:6      | Noticed Duvessa
 10133 | D:6      | Noticed Dowan
 10141 | D:6      | Killed Duvessa
 10141 | D:6      | HP: 23/55 [Dowan/stone arrow (12)]
 10144 | D:6      | Killed Dowan
 10145 | D:6      | Reached skill level 6 in Polearms
 10145 | D:6      | Reached skill level 4 in Armour
 10600 | D:5      | Learned a level 2 spell: Slow
 11402 | D:6      | Reached skill level 5 in Armour
 11402 | D:6      | Reached XP level 9. HP: 44/62 MP: 5/14
 11610 | D:7      | Reached skill level 7 in Polearms
 12009 | D:7      | Reached skill level 6 in Armour
 12011 | D:7      | HP: 31/62 [kobold (1)]
 12016 | D:7      | HP: 22/62 [poisoned by a kobold]
 12021 | D:7      | HP: 17/62 [poisoned by a kobold]
 12613 | D:8      | HP: 30/62 [yak (6)]
 12615 | D:8      | Reached skill level 8 in Polearms
 12618 | D:8      | HP: 28/62 [yak (2)]
 12623 | D:8      | HP: 23/62 [yak (5)]
 12628 | D:8      | Reached skill level 7 in Armour
 12632 | D:8      | HP: 13/62 [yak (12)]
 12637 | D:8      | HP: 5/62 [yak (4)]
 12650 | D:8      | HP: 8/62 [yak (4)]
 12651 | D:8      | Slain by a yak

Illustrated notes

Levels and vault maps discovered:
D:1:      evilmike_arrival_rings, layout_basic, basic_ecumenical_altar,
          serial_shops, nicolae_shop_waterfront, minmay_misc_feat_five,
          hangedman_abyss_or_decor_stabs, chequers_avenue
D:2:      layout_rooms, basic_altar, minmay_misc_feat_iff, chequers_garden,
          minmay_increasing_density
D:3:      layout_rooms, grunt_ministairs_7, chequers_big_river, uniq_natasha,
          uniq_grinder
D:4:      layout_rooms, uniq_robin, uniq_pikel, uniq_crazy_yiuf_cottage
D:5:      layout_loops_cross, st_stairs_10, minmay_misc_feat_x, minmay_holes,
          minmay_circle_x, uniq_blork_the_orc
D:6:      layout_basic, minmay_temple_entry_gardened_gates, uniq_duvessa
D:7:      layout_rooms, mainiacjoe_overflow_tiny_flanked,
          minmay_misc_feat_secret_circle, kennysheep_another_room,
          moated_statue, hex_medium
D:8:      minmay_bubble_buster, layout_loops_corners, dpeg_oklobed_lair,
          patterned_corridor

Skill      XL: |  1  2  3  4  5  6  7  8  9 |
---------------+----------------------------+-----
Necromancy     | 4 5 6 7 |  7.0
Polearms       | 3 4 6 8 |  8.3
Shields        | 3 4 |  4.0
Armour         | 1 5 7 |  7.0
Maces & Flails | |  0.5
Dodging        | |  1.7
Stealth        | |  1.7
Spellcasting   | |  1.7

Action                   |  1- 3 |  4- 6 |  7- 9 || total
-------------------------+-------+-------+-------++-------
Melee: Short sword       |    15 |       |       ||    15
       Spear             |    10 |       |       ||    10
       Dagger            |     8 |   123 |       ||   131
       Trident           |       |    65 |   321 ||   386
 Cast: Pain              |    69 |    86 |    24 ||   179
       Vampiric Draining |       |     9 |    29 ||    38
       Slow              |       |       |    19 ||    19
       Animate Dead      |       |       |     1 ||     1
 Stab: Sleeping          |     2 |       |     4 ||     6
       Distracted        |     1 |     1 |     1 ||     3
Armor: Robe              |     4 |    46 |    35 ||    85
       Ring mail         |       |       |    40 ||    40
Dodge: Dodged            |    42 |   111 |   131 ||   284
Block: Buckler           |       |       |    74 ||    74

Table legend: (Time is in decaauts)
 A = Elapsed time spent in this place.
 B = Non-inter-level travel time spent in this place.
 C = Inter-level travel time spent in this place.
 D = Time resting spent in this place.
 E = Time spent auto-exploring this place.
 F = Levels seen in this place.
 G = Mean time per level.
                   A        B        C        D        E       F      G
               +--------+--------+--------+--------+--------+-----+--------+
         Total |  12711 |  12045 |    666 |   2599 |   7080 |   8 | 1588.9 |
       Dungeon |  12711 |  12045 |    666 |   2599 |   7080 |   8 | 1588.9 |
               +--------+--------+--------+--------+--------+-----+--------+

Top non-repeatable levels by time:
     D:1: 2206 daAuts
     D:2: 2142 daAuts
     D:4: 2061 daAuts
     D:6: 1912 daAuts
     D:5: 1647 daAuts
     D:3: 1587 daAuts
     D:7: 1071 daAuts
     D:8: 81 daAuts
